 Dungeon Crawl Stone Soup version 0.31-a0-1066-g35875b34c7 (webtiles) character file.

Game seed: 7077389143099853094

1047 Colgate the Caller (level 7, 0/50 HPs)
             Began as a Demigod Wanderer on Nov 22, 2023.
             Succumbed to a scorpion's poison
             ... on level 4 of the Dungeon.
             The game lasted 00:26:54 (6687 turns).

Colgate the Caller (Demigod Wanderer)               Turns: 6687, Time: 00:26:55

Health: 0/50       AC:  6    Str: 12 (13) XL:     7   Next: 75%
Magic:  6/13       EV: 16    Int: 17 (19) God:
Gold:   190        SH:  0    Dex: 20 (22) Spells: 5/10 levels left

rFire   . . .        b - +0 scythe
rCold   . . .        (shield currently unavailable)
rNeg    . . .        v - +2 robe {Will+}
rPois   .            (no helmet)
rElec   .            (no cloak)
rCorr   .            o - +0 pair of gloves
SInv    .            k - +0 pair of boots
Will    +....        (no amulet)
Stlth   ++           e - +5 ring of evasion
HPRegen 0.28/turn    s - +6 ring of dexterity
MPRegen 0.13/turn

%: random rage (3%)
@: lethally poisoned (0 -> -3), attractive
A: high MP 1, forlorn, divine attributes, berserk 1
a: no special abilities


You were on level 4 of the Dungeon.
You visited 1 branch of the dungeon, and saw 5 of its levels.

You collected 190 gold pieces.

Inventory:

Hand Weapons
 a - a +4 short sword of venom
 b - a +0 scythe (weapon)
 d - a +0 spear
Missiles
 l - 3 poisoned darts
Armour
 k - a +0 pair of boots (worn)
 o - a +0 pair of gloves (worn)
 v - a +2 robe of willpower (worn)
Jewellery
 e - a +5 ring of evasion (left hand)
 s - a +6 ring of dexterity (right hand)
Wands
 j - a wand of roots (13) {@v2}
 m - a wand of flame (3)
Scrolls
 c - a scroll of butterflies {unknown}
 f - a scroll of revelation
 i - a scroll of blinking {unknown}
 n - a scroll of vulnerability
 q - a scroll of teleportation {unknown}
 t - a scroll of amnesia {unknown}
Potions
 h - a potion of might {@q3}
 r - a potion of enlightenment


   Skills:
 - Level 3.2 Staves
 - Level 1.0 Stealth
 - Level 2.3 Spellcasting
 + Level 7.8 Summonings
 - Level 2.7 Air Magic
 - Level 1.7 Evocations


You had 5 spell levels left.
You knew the following spells:

 Your Spells              Type           Power      Damage    Failure   Level
a - Summon Small Mammal   Summ           100%       N/A       1%          1
b - Summon Lightning Spi  Summ/Air       19%        N/A       22%         4

Your spell library contained the following spells:

 Spells                   Type           Power      Damage    Failure   Level
 Sublimation of Blood     Necr           1%         N/A       28%         2
 Wereblood                Tmut           1%         N/A       28%         2
 Animate Armour           Summ/Erth      30%        N/A       36%         4
 Summon Ice Beast         Ice/Summ       15%        N/A       36%         4
 Stone Arrow              Conj/Erth      2%         3d7       50%         3
 Irradiate                Conj/Tmut      0%         3d11      99%         5
 Summon Hydra             Summ           14%        N/A       99%         7
 Lehudib's Crystal Spear  Conj/Erth      0%         10d2      100%        8


Dungeon Overview and Level Annotations

Branches:
Dungeon (5/15)
 Temple: D:4-7


Innate Abilities, Weirdness & Mutations

You have an increased reservoir of magic. (+10% MP)
You shall have no god before yourself.
Your divine heritage dramatically boosts your attributes as you level up.
You sometimes lose your temper in combat.


Message History

The sleepcap releases spores at your lightning spire.
Your bat closely misses the orc priest.
Your rat bites the sleepcap but does no damage.
There is an escape hatch in the ceiling here.
Your bat hits the sleepcap but does no damage.
The scorpion closely misses you. A mysterious force pulls you upwards.
The hatch slams shut behind you.
Casting: Summon Lightning Spire (quite dangerous; 19% risk of failure)
An electric hum fills the air.
The scorpion barely misses you.
You slash the scorpion! The scorpion stings you.
You are poisoned.
The scorpion poisons you! The scorpion misses you.
You hit the scorpion.
You feel very sick. The scorpion stings you.
* * * LOW HITPOINT WARNING * * *
The scorpion misses you.
You hit the scorpion.
You feel sick. The scorpion closely misses you.
You hit the scorpion but do no damage.
You feel sick.
The scorpion stings you but does no damage.
The scorpion stings you.
* * * LOW HITPOINT WARNING * * *
You are lethally poisoned!
The scorpion poisons you!
You hit the scorpion.
You kill the scorpion!
* * * LOW HITPOINT WARNING * * *
You feel very sick.
It was a potion of degeneration.
There was something very wrong with that liquid.
You feel weakened.
You feel dopey.
You feel clumsy.
* * * LOW HITPOINT WARNING * * *
You feel sick.
It was a potion of attraction.
You feel attractive to monsters.
* * * LOW HITPOINT WARNING * * *
You feel sick.
You feel extremely strange.
You feel a little pissed off.
You die...

#..#.##........###...~~~~♣~~~≈≈≈≈
#.###...........#.####~~~~~~~~~≈≈
#..#.###########.## ##♣♣♣)~PP~~~
#.#.## #.# #.~♣♣♣♣♣~~ #.#.# #.#
#..~~~~♣♣~ #.#.# #.# #.##.##~♣♣
#.#.######## ###.# #.##......
#..........###.#.#######.##.##.##
..####........#.@†8.........##.#
..# #.....###.#.#######......)#
..# #.....# #.#.# ######### #.#
#.....###.#.########.##
#.#####.#.###..#......)....######
#.......#.##...##########.###....
####.#....###.## #.###.###
....###'''###.# #........
###.#.......#.# #.###.###


You could see a friendly lightning spire (summoned).

Vanquished Creatures
  A phantom (D:4)
  A scorpion (D:4)
  A howler monkey (D:4)
  A hound (D:4)
  An iguana (D:4)
  2 adders
  A worm (D:2)
  3 dart slugs
  3 orcs
  2 bats
  An endoplasm (D:3)
  A giant cockroach (D:4)
  2 goblins
  4 hobgoblins
  A kobold (D:4)
  3 quokkas
  A ball python (D:3)
  2 frilled lizards (D:1)
  A rat (D:2)
32 creatures vanquished.

Vanquished Creatures (collateral kills)
  Grinder (D:5)
  Sigmund (D:4)
  An ice beast (D:5)
  An ogre (D:2)
  2 scorpions
  An orc priest (D:3)
  6 adders
  2 worms
  5 orcs
  A ball python (D:3)
  A bat (D:1)
  2 endoplasms
  A giant cockroach (D:2)
  5 goblins
  2 hobgoblins (D:2)
  2 jackals (D:1)
  2 quokkas
  A frilled lizard (D:1)
  5 kobolds
  3 rats
45 creatures vanquished.

Grand Total: 77 creatures vanquished

Notes
Turn   | Place    | Note
-------+----------+-------------------------------------------
     0 | D:1      | Colgate the Demigod Wanderer began the quest for the Orb.
     0 | D:1      | Colgate set off with the following items: a +0
                  | quarterstaff, a wand of flame (5), a potion of might {@q3},
                  | a +0 leather armour; and the following spell memorised:
                  | Summon Small Mammal; and the following spells available to
                  | memorise: Summon Ice Beast, Summon Lightning Spire.
     0 | D:1      | Reached XP level 1. HP: 14/14 MP: 5/5
   505 | D:1      | Reached XP level 2. HP: 16/20 MP: 1/7
   658 | D:1      | Reached skill level 2 in Summonings
   836 | D:2      | You fall into a shaft and drop 2 floors!
   838 | D:4      | Noticed a scorpion
   854 | D:4      | Noticed a howler monkey
   854 | D:4      | Noticed a phantom
   925 | D:4      | Killed a howler monkey
   926 | D:4      | Reached skill level 3 in Summonings
   926 | D:4      | Reached XP level 3. HP: 6/26 MP: 5/8
   949 | D:5      | Entered Level 5 of the Dungeon
   949 | D:5      | Noticed a scorpion
   958 | D:4      | HP: 1/26 [poisoned by a scorpion]
  1328 | D:2      | Reached XP level 4. HP: 33/33 MP: 6/9
  1511 | D:2      | Reached skill level 4 in Summonings
  2069 | D:2      | Noticed an ogre
  2278 | D:2      | Killed an ogre
  2279 | D:2      | Reached XP level 5. HP: 38/38 MP: 0/10
  2284 | D:2      | Learned a level 4 spell: Summon Lightning Spire
  2897 | D:4      | Reached skill level 5 in Summonings
  2897 | D:4      | Reached XP level 6. HP: 38/45 MP: 8/11
  5255 | D:4      | Noticed Sigmund
  5432 | D:4      | Killed Sigmund
  5433 | D:4      | Reached skill level 6 in Summonings
  5433 | D:4      | Reached XP level 7. HP: 50/50 MP: 7/12
  6592 | D:5      | Noticed Grinder
  6593 | D:5      | Paralysed by Grinder for 2 turns
  6600 | D:5      | Reached skill level 7 in Summonings
  6603 | D:5      | Killed Grinder
  6686 | D:4      | HP: 1/50 [poisoned by a scorpion]
  6687 | D:4      | Gained mutation: You sometimes lose your temper in combat.
                  | [potion of mutation]
  6687 | D:4      | Succumbed to a scorpion's poison

Illustrated notes

Levels and vault maps discovered:
D:1:      scummos_arrival_forest, layout_basic, st_stairs_8
D:2:      layout_basic, kennysheep_generic_room_16
D:3:      layout_loops_corners, mainiacjoe_overflow_swirl, ashenzari_altar_1,
          nicolae_half_adder
D:4:      layout_loops_ring, mainiacjoe_overflow_cross_hatched,
          mainiacjoe_overflow_alcove_4, serial_bayou_lake_a, uniq_sigmund
D:5:      layout_rooms, minivault_24, skrybe_limestone_x, uniq_grinder

Skill      XL: |  1  2  3  4  5  6  7 |
---------------+----------------------+-----
Staves         | 3 |  3.2
Summonings     | 3 4 5 6 7 |  7.8
Air Magic      | 2 |  2.7
Spellcasting   | 2 |  2.3
Stealth        | |  1.0
Evocations     | |  1.7

Action                     |  1- 3 |  4- 6 |  7- 9 || total
---------------------------+-------+-------+-------++-------
  Melee: Quarterstaff      |    38 |    42 |       ||    80
         Spear             |       |    46 |       ||    46
         Short sword       |       |     2 |       ||     2
         Halberd           |       |       |     5 ||     5
   Cast: Summon Small Mamm |    49 |   122 |     8 ||   179
         Summon Lightning  |       |     1 |     4 ||     5
  Evoke: Wand              |     2 |       |       ||     2
    Use: Potion            |     2 |     1 |     3 ||     6
         Scroll            |     1 |     3 |       ||     4
   Stab: Distracted        |       |     2 |       ||     2
         Sleeping          |       |     2 |       ||     2
 Armour: Leather armour    |    30 |    38 |       ||    68
         Robe              |       |     9 |     5 ||    14
  Dodge: Dodged            |    41 |    84 |     5 ||   130

Table legend: (Time is in decaauts)
 A = Elapsed time spent in this place.
 B = Non-inter-level travel time spent in this place.
 C = Inter-level travel time spent in this place.
 D = Time resting spent in this place.
 E = Time spent auto-exploring this place.
 F = Levels seen in this place.
 G = Mean time per level.
                   A        B        C        D        E       F      G
               +--------+--------+--------+--------+--------+-----+--------+
         Total |   6801 |   6341 |    460 |    243 |   4972 |   5 | 1360.2 |
       Dungeon |   6801 |   6341 |    460 |    243 |   4972 |   5 | 1360.2 |
               +--------+--------+--------+--------+--------+-----+--------+

Top non-repeatable levels by time:
     D:4: 2567 daAuts
     D:3: 1558 daAuts
     D:2: 1511 daAuts
     D:1: 999 daAuts
     D:5: 164 daAuts
